 Dungeon Crawl Stone Soup version 0.22.1-2-g9c5b331 (webtiles) character file.

564 Lilu the Slasher (level 7, 0/43 HPs)
             Began as a Deep Elf Fighter on Nov 27, 2018.
             Was a Follower of Okawaru.
             Killed by divine providence
             ... invoked by an orc priest
              (11 damage)
             ... on level 4 of the Dungeon.
             The game lasted 00:16:19 (6732 turns).

Lilu the Slasher (Deep Elf Fighter)                 Turns: 6732, Time: 00:16:21

Health: 0/43       AC:  7    Str: 15    XL:     7   Next: 10%
Magic:  9/9        EV:  6    Int: 13    God:    Okawaru [*.....]
Gold:   266        SH:  9    Dex: 14    Spells: 2/6 levels left

rFire    + . .     SeeInvis .   a - +0 long sword
rCold    . . .     Gourm    .   c - +0 shield
rNeg     . . .     Faith    .   b - +0 scale mail
rPois    .         Spirit   .   (no helmet)
rElec    .         Reflect  .   (no cloak)
rCorr    .         Harm     .   (no gloves)
MR       .....                  u - +0 pair of boots
Stlth    ..........             (no amulet)
HPRegen  0.14/turn              i - ring of protection from fire
MPRegen  0.11/turn              (no ring)

@: no status effects
A: no striking features
a: Heroism, Renounce Religion


You were on level 4 of the Dungeon.
You worshipped Okawaru.
Okawaru was aware of your devotion.
You were hungry.

You visited 1 branch of the dungeon, and saw 6 of its levels.

You collected 266 gold pieces.

Inventory:

Hand Weapons
 a - a +0 long sword (weapon)
 x - a cursed +0 hunting sling
 z - a +0 rapier
Missiles
 k - 164 stones
 m - 119 arrows
 s - 13 poisoned needles
 B - 2 javelins of returning (quivered)
Armour
 b - a +0 scale mail (worn)
 c - a +0 shield (worn)
 u - a +0 pair of boots (worn)
Jewellery
 i - a ring of protection from fire (left hand)
Wands
 d - a wand of enslavement (13)
Scrolls
 e - a scroll of enchant armour {unknown}
 h - 3 scrolls of remove curse {unknown}
 l - 2 scrolls of random uselessness {unknown}
 n - 2 scrolls of fear {unknown}
 p - 3 scrolls of blinking {unknown}
 q - 3 scrolls of identify {unknown}
 y - a scroll of magic mapping {unknown}
Potions
 g - a potion of brilliance {unknown}
 j - 2 potions of agility {unknown}
 o - a potion of ambrosia {unknown}
 r - a potion of flight {unknown}
 t - 2 potions of curing {unknown}
 v - a potion of mutation {unknown}
 w - 2 potions of berserk rage {unknown}
 A - a potion of lignification {unknown}
Comestibles
 f - 13 rations


   Skills:
 + Level 4.0 Fighting
 * Level 5.0 Long Blades
   Level 0.0 Staves
 - Level 2.4 Armour
 + Level 4.0 Shields
 + Level 0.0 Spellcasting
 + Level 0.0 Invocations


You had 2 spell levels left.
You knew the following spells:

 Your Spells              Type           Power        Failure   Level  Hunger
a - Summon Lightning Spi  Summ/Air       #.......     100%        4    #####..

Your spell library contained the following spells:

 Spells                   Type           Power        Failure   Level  Hunger
 Summon Small Mammal      Summ           #...         99%         1    ##.....
 Call Imp                 Summ           #.......     100%        2    ###....
 Call Canine Familiar     Summ           #.......     100%        3    ####...
 Summon Guardian Golem    Hex/Summ       #.......     100%        3    ####...
 Summon Ice Beast         Ice/Summ       #.......     100%        4    #####..


Dungeon Overview and Level Annotations

Branches:
Dungeon (6/15)             Temple (0/1) D:4

Altars:
Dithmenos
Nemelex Xobeh
Okawaru
Zin
The Shining One


Message History

Okawaru accepts your kill.
The orc warrior hits you from afar with a glaive!
You block the orc warrior's attack.
The orc priest shouts!
Things that are here:
a hand axe; an orc corpse You hit the orc warrior but do no damage.
The orc warrior hits you but does no damage.
You hit the orc warrior but do no damage.
You block the orc warrior's attack.
You closely miss the orc warrior. You block the orc warrior's attack.
You hit the orc warrior but do no damage.
You block the orc warrior's attack.
You hit the orc warrior but do no damage.
The orc warrior hits you with a glaive!!
Ouch! That really hurt!
* * * LOW HITPOINT WARNING * * *
The orc priest invokes the aid of Beogh against you.
Beogh smites you!
You die...

.....#####
#......)...#.########
.....#
#...........o...o..#
######
#........#.#.#####o#
#............# #.#
#.......##.#.# #o#
#.......##.#.# #.#
#...o...#..#.# ###o##
####o#.##.##.###.o...
#@#.......##..###.
#.#.......##oo# #.
####.##.....###..###.
#...........# #......
#.##.##.....# #.#.#o#
###.##.##.#####
#.#.#.#
####......##.#
#.....o
#......#####.#
#####.#
#.##.#.......# #.#


You could see an orc warrior and an orc priest.

Vanquished Creatures
  An ogre (D:5)
  A scorpion (D:5)
  4 hounds
  A bullfrog skeleton (D:5)
  2 worker ants
  10 gnolls
  4 adders
  3 oozes
  4 worms
  3 dart slugs
  5 leopard geckos
  5 orcs
  5 bats
  4 giant cockroaches
  6 goblins
  8 hobgoblins
  4 jackals (D:2)
  8 kobolds
  A quokka (D:3)
  2 ball pythons
  3 frilled lizards
  3 rats
87 creatures vanquished.

Notes
Turn   | Place    | Note
-------+----------+-------------------------------------------
     0 | D:1      | Lilu the Deep Elf Fighter began the quest for the Orb.
     0 | D:1      | Reached XP level 1. HP: 13/13 MP: 3/3
   531 | D:1      | Reached skill level 2 in Long Blades
   531 | D:1      | Reached XP level 2. HP: 18/18 MP: 4/4
  1228 | D:2      | Reached XP level 3. HP: 22/22 MP: 5/5
  1960 | D:2      | Reached XP level 4. HP: 19/28 MP: 6/6
  2242 | D:2      | Found a glowing golden altar of the Shining One.
  2546 | D:2      | Found an iron altar of Okawaru.
  2576 | D:2      | Reached skill level 3 in Long Blades
  2621 | D:2      | Became a worshipper of Warmaster Okawaru
  2955 | D:3      | Found a shadowy altar of Dithmenos.
  3649 | D:3      | Reached XP level 5. HP: 32/32 MP: 7/7
  4117 | D:4      | Found a staircase to the Ecumenical Temple.
  4177 | D:4      | You fall through a shaft!
  4177 | D:5      | Entered Level 5 of the Dungeon
  4217 | D:5      | Noticed an ogre
  4224 | D:5      | Killed an ogre
  4589 | D:5      | Found a sparkling altar of Nemelex Xobeh.
  4601 | D:4      | Reached skill level 4 in Long Blades
  4687 | D:5      | Reached XP level 6. HP: 11/37 MP: 8/8
  5989 | D:4      | Found a glowing silver altar of Zin.
  5989 | D:4      | Noticed an angel
  6157 | D:4      | Reached XP level 7. HP: 42/43 MP: 9/9
  6218 | D:4      | Reached * piety under Okawaru
  6218 | D:4      | Reached skill level 5 in Long Blades
  6402 | D:4      | Learned a level 4 spell: Summon Lightning Spire
  6732 | D:4      | Killed from afar by an orc priest

Skill      XL: |  1  2  3  4  5  6  7 |
---------------+----------------------+-----
Long Blades    | 2 3 4 5 |  5.0
Fighting       | 3 4 |  4.0
Shields        | 3 4 |  4.0
Armour         | |  2.4

Action                   |  1- 3 |  4- 6 |  7- 9 || total
-------------------------+-------+-------+-------++-------
Melee: Long sword        |   109 |   255 |    18 ||   382
Throw: Javelin           |       |    11 |     4 ||    15
  Use: Potion            |       |     1 |       ||     1
  Eat: Chunk             |     3 |    14 |     1 ||    18
Armor: Scale mail        |    62 |   104 |     3 ||   169
Dodge: Dodged            |    31 |    62 |     3 ||    96
Block: Shield            |    55 |   135 |     8 ||   198
       Rpst.: Long sword |    10 |    13 |       ||    23
